 Dungeon Crawl Stone Soup version 0.19.1 (webtiles) character file.

37618 XO4YCPATb the Contemplative (level 13, -4/94 HPs)
             Began as a White Draconian Monk on Dec 10, 2016.
             Was a Priest of Cheibriados.
             Slain by a slime creature (9 damage)
             ... on level 13 of the Dungeon.
             The game lasted 01:05:49 (26535 turns).

XO4YCPATb the Contemplative (White Draconian Monk) Turns: 26535, Time: 01:05:50

Health: -4/94      AC: 12    Str: 26    XL:     13   Next: 59%
Magic:  18/23      EV: 31    Int: 26    God:    Cheibriados [***...]
Gold:   1258       SH:  8    Dex: 29    Spells: 2 memorised, 3 levels left

rFire  . . .     SeeInvis +       - Unarmed
rCold  + + +     Gourm    .     (armour unavailable)
rNeg   . . .     Faith    +     C - +0 buckler
rPois  +         Spirit   .     x - +0 hat {Int+3}
rElec  +         Reflect  .     B - +2 cloak
rCorr  .         Harm     .     Q - +0 pair of fencer's gloves {+Riposte Dex+3}
MR     .....                    (no boots)
Stlth  +++.......               S - amulet of faith
                                P - ring "Wifroiju" {Wiz rC+ Str+3}
                                w - ring "Cestoj" {rElec rPois SInv Stlth-}

@: agile, studying Transmutations, very slow
A: breathe frost, unfitting armour, horns 1, cold resistance 2, electricity
resistance, cold-blooded, AC +8
a: Breathe Frost, Bend Time, Temporal Distortion, Renounce Religion


You were on level 13 of the Dungeon.
You worshipped Cheibriados.
Cheibriados was most pleased with you.
You were very full.

You visited 4 branches of the dungeon, and saw 18 of its levels.
You also visited: Labyrinth.

You collected 1676 gold pieces.
You spent 418 gold pieces at shops.

Inventory:

Armour
 x - a +0 hat of intelligence (worn)
 B - a +2 cloak (worn)
 C - a +0 buckler (worn)
 Q - the +0 pair of fencer's gloves (worn) {+Riposte Dex+3}
   (You found it in a labyrinth)

   It affects your dexterity (+3).
Jewellery
 b - an uncursed ring of protection from magic
 q - an uncursed ring of resist corrosion
 w - the ring "Cestoj" (left hand) {rElec rPois SInv Stlth-}
   (You bought it in a shop on level 7 of the Dungeon)

   [ring of see invisible]

   It insulates you from electricity.
   It protects you from poison.
   It lets you see invisible.
   It makes you less stealthy.
 P - the ring "Wifroiju" (right hand) {Wiz rC+ Str+3}
   (You found it in a labyrinth)

   [ring of wizardry]

   It improves your spell success rate.
   It affects your strength (+3).
   It protects you from cold.
 S - an amulet of faith (around neck)
Wands
 e - a wand of polymorph (13/24)
 f - a wand of flame (23/48)
 h - a wand of disintegration (16/24)
 p - a wand of polymorph (13/24)
 r - a wand of disintegration (14/24)
 A - a wand of paralysis (12/24)
 E - a wand of paralysis (11/24)
 F - a wand of digging (11/24)
 G - a wand of polymorph (12/24)
 K - a wand of lightning (5/15)
 N - a wand of lightning (7/15)
Scrolls
 g - 4 scrolls of magic mapping
 u - 2 scrolls of vulnerability {unknown}
 z - 4 scrolls of remove curse
 H - 2 scrolls of enchant weapon
 I - 2 scrolls of noise {unknown}
Potions
 i - a potion of agility
 k - 3 potions of flight
 m - 5 potions of curing
 n - a potion of brilliance
 o - a potion of magic
Books
 d - a manual of Transmutations
Miscellaneous
 c - a sack of spiders
Comestibles
 a - 11 bread rations
 j - 5 chunks of flesh
 l - 3 fruits
 v - 8 beef jerkies


   Skills:
 - Level 3.2 Fighting
 + Level 12.4 Dodging
 - Level 1.7 Stealth
 - Level 6.3 Shields
 + Level 11.0 Unarmed Combat
 - Level 4.6 Hexes
 - Level 5.0 Air Magic
 - Level 14.1 Invocations


You had 3 spell levels left.
You knew the following spells:

 Your Spells              Type           Power        Failure   Level  Hunger
a - Silence               Hex/Air        ####......   28%         5    ######.
b - Cause Fear            Hex            ###.......   9%          4    #####..


Dungeon Overview and Level Annotations

Branches:
Dungeon (13/15)            Temple (1/1) D:7            Lair (2/6) D:11
    Orc (2/2) D:12            Elf (0/3) Orc:2
  Swamp: Lair:2-4    Shoals: Lair:2-4     Snake: Lair:2-4    Spider: Lair:2-4
 Vaults: D:13-14

Altars:
Ashenzari
Cheibriados
Dithmenos
Elyvilon
Fedhas
Gozag
Hepliaklqana
Kikubaaqudgha
Makhleb
Nemelex Xobeh
Okawaru
Qazlal
Ru
Sif Muna
Trog
Uskayaw
Vehumet
Xom
Yredelemnul
Zin
The Shining One

Shops:
D:5 (   D:7 (=(=   D:9 [   Orc:2 !

Annotations:
D:3 dig?
D:7 harm
D:10 dig? or rC+++
Lair:2 Gastronok


Innate Abilities, Weirdness & Mutations

You can breathe waves of freezing cold.
You can buffet flying creatures when you breathe cold.
Your icy white scales are hard. (AC +8)
You cannot fit into any form of body armour.
Your flesh is very cold resistant. (rC++)
You are cold-blooded and may be slowed by cold attacks.
You have a pair of small horns on your head.
You are resistant to electric shocks. (rElec)


Message History

Okay, then.
Evoke which item? (* to show all) (? for menu, Esc to quit)
Okay, then.
As you read the scroll labeled UMOESE ZOUG, it crumbles to dust.
It is a scroll of enchant weapon.
You aren't carrying any weapons that can be enchanted.
The hill giant closely misses you.
You feel agile all of a sudden.
The deep elf mage mumbles some strange words.
The deep elf mage blinks!
The slime creature closely misses you.
Okay, then.
Magic courses through your body. You block the hill giant's attack.
The deep elf mage mumbles some strange words.
The deep elf mage blinks!
You block the slime creature's attack.
You can feel time thicken for a moment.
You feel somewhat less full.
You can no longer inflict damage on those overly hasty.
Cheibriados lowers the support of your attributes as your movement quickens.
Two slime creatures merge to form a large slime creature.
The hill giant completely misses you. The slime creature hits you!
You die...

........#.##.........# ######.###
#.###.###.##.........###.........
#.#.......###'###......#.........
....#.#######..##......#.........
....#.#....e.....).....#.........
....#.#.#........#######.........
....#.#...J...<..# #.........
....#.#........CJ# #.........
....#.#.#.####.#@#######)........
...............J.................
....#.#<#......#()##.............
....#.##########...(.............
....#..............#.(...........
...##############..#.............
...'.......J.J.†...#.............
...###############.#....#####....
#### #.#.J..# #####


You could see a large slime creature, 2 slime creatures, a hill giant and a deep
elf mage.

Vanquished Creatures
  An orc warlord (Orc:2)
  The ghost of cribozai the Devastator, a journeyman DECj of Vehumet (Orc:2)
  A minotaur (Lab)
  The ghost of loralnil the Cleaver, a journeyman FoFi of the Shining One (D:9)
  A hydra (Lair:1)
  3 orc high priests (Orc:2)
  Nergalle (Lair:2)
  2 unseen horrors
  7 hill giants
  Pikel (D:7)
  3 orc knights (Orc:2)
  A wolf spider (Lair:2)
  A cyclops (D:12)
  2 ugly things (D:11)
  4 orc sorcerers
  Joseph (Lair:1)
  2 spiny frogs (Lair:1)
  A komodo dragon (Lair:1)
  8 trolls
  A hornet (D:9)
  Prince Ribbit (D:8)
  3 hippogriffs
  4 slime creatures
  A spriggan (D:7)
  A shadow (Lab)
  2 wyverns (D:9)
  9 yaks
  2 hungry ghosts
  Eustachio (D:4)
  A basilisk (D:8)
  4 wargs
  3 water moccasins
  A porcupine (Lair:1)
  6 ice beasts
  A swamp drake (D:12)
  2 slaves (D:7)
  4 necrophages
  37 orc warriors
  13 ogres
  3 sky beasts
  2 phantoms (D:6)
  3 black bears
  8 centaurs
  A crocodile (D:12)
  3 big kobolds
  14 bullfrogs
  2 wyvern zombies
  A wyvern skeleton (D:13)
  5 scorpions
  17 killer bees
  18 wights
  A troll skeleton (Lab)
  8 howler monkeys
  8 crimson imps
  3 centaur zombies
  2 bullfrog zombies
  2 quasits (D:9)
  8 hounds
  24 orc priests
  28 orc wizards
  Crazy Yiuf (D:6)
  7 jellies
  4 centaur skeletons
  A bullfrog skeleton (D:12)
  6 iguanas
  17 worker ants
  2 hound zombies
  An ogre skeleton (Lab)
  A hound skeleton (D:10)
  A howler monkey zombie (D:11)
  7 gnolls (D:6)
  8 adders
  5 shadow imps
  3 adder skeletons
  3 dart slugs
  4 leopard geckos
  109 orcs
  2 ball pythons
  8 giant cockroaches
  5 goblins
  7 hobgoblins
  18 jackals
  6 quokkas
  6 bats
  5 frilled lizards
  A giant cockroach zombie (D:5)
  A jackal zombie (D:5)
  21 kobolds
  3 quokka skeletons
  A quokka zombie (D:5)
  21 rats
585 creatures vanquished.

Vanquished Creatures (others)
  An orc warrior (D:10)
  A slave (D:7)
  An orc wizard (Orc:2)
  3 orcs (D:8)
  A fulminant prism (Orc:2)
7 creatures vanquished.

Grand Total: 592 creatures vanquished

Notes
Turn   | Place    | Note
-------+----------+-------------------------------------------
     0 | D:1      | XO4YCPATb the Draconian Monk began the quest for the Orb.
     0 | D:1      | Reached XP level 1. HP: 19/19 MP: 1/1
    91 | D:1      | Reached XP level 2. HP: 26/26 MP: 2/2
  1165 | D:2      | Reached XP level 3. HP: 31/31 MP: 3/3
  1699 | D:2      | Found a white marble altar of Elyvilon.
  1713 | D:2      | Reached XP level 4. HP: 31/38 MP: 4/4
  1880 | D:2      | Found a hazy altar of Hepliaklqana.
  1880 | D:2      | Found a faded altar of an unknown god.
  1885 | D:2      | Found a faded altar of an unknown god.
  1887 | D:2      | Found a faded altar of an unknown god.
  1889 | D:2      | Found a faded altar of an unknown god.
  2124 | D:2      | Reached skill level 5 in Unarmed Combat
  2460 | D:3      | Found an iron altar of Okawaru.
  2473 | D:3      | Found a shimmering altar of Xom.
  2475 | D:3      | Found a shimmering altar of Xom.
  2475 | D:3      | Found a shimmering altar of Xom.
  2475 | D:3      | Found a shimmering altar of Xom.
  2475 | D:3      | Found a shimmering altar of Xom.
  2476 | D:3      | Found a shimmering altar of Xom.
  2477 | D:3      | Found a shimmering altar of Xom.
  2477 | D:3      | Found a shimmering altar of Xom.
  2480 | D:3      | Found a shimmering altar of Xom.
  2826 | D:3      | Found a deep blue altar of Sif Muna.
  2865 | D:3      | Noticed a big kobold
  2870 | D:3      | Gained mutation: You are resistant to hostile enchantments. (MR+) [potion of mutation]
  2870 | D:3      | Gained mutation: You passively map a small area around you. [potion of mutation]
  2870 | D:3      | Gained mutation: Your muscles are strong. (Str +2) [potion of mutation]
  2879 | D:3      | Killed a big kobold
  2879 | D:3      | Reached XP level 5. HP: 34/45 MP: 5/5
  3179 | D:3      | Found a glowing golden altar of the Shining One.
  3181 | D:3      | Noticed an angel
  3196 | D:3      | Found a basalt altar of Yredelemnul.
  3199 | D:3      | Noticed a profane servitor
  3335 | D:4      | Noticed Eustachio
  3402 | D:4      | Reached XP level 6. HP: 48/51 MP: 6/6
  3568 | D:4      | Noticed a sky beast
  3578 | D:4      | Killed a sky beast
  4324 | D:5      | Entered Level 5 of the Dungeon
  4357 | D:5      | Found an ancient bone altar of Kikubaaqudgha.
  4466 | D:5      | Found Xuecsim's Antique Weapon Shop.
  4481 | D:5      | Your scales start taking on an icy white colour.
  4481 | D:5      | Reached XP level 7. HP: 57/57 MP: 7/7
  4481 | D:5      | Gained mutation: Your flesh is cold resistant. (rC+) [White Draconian growth]
  4606 | D:4      | Killed Eustachio
  5332 | D:5      | Found a blossoming altar of Fedhas.
  5334 | D:5      | Found a sacrificial altar of Ru.
  5537 | D:6      | Found a runed door.
  5541 | D:6      | Noticed Crazy Yiuf
  5560 | D:6      | Killed Crazy Yiuf
  5853 | D:6      | Reached XP level 8. HP: 62/63 MP: 8/8
  5865 | D:6      | Found a shattered altar of Ashenzari.
  5958 | D:6      | Reached skill level 10 in Unarmed Combat
  7146 | D:7      | Found Nueril's Jewellery Boutique.
  7527 | D:6      | Reached skill level 5 in Shields
  7634 | D:7      | Found Houtuerph's Jewellery Shop.
  7646 | D:7      | Found Zuitior's Antique Weapon Shop.
  7764 | D:7      | Found a glowing silver altar of Zin.
  7774 | D:7      | Found Seushrin's Antique Weapon Shoppe.
  7834 | D:7      | Reached XP level 9. HP: 45/70 MP: 9/9
  8081 | D:7      | Noticed Pikel
  8122 | D:7      | Killed Pikel
  8133 | D:7      | Reached skill level 5 in Dodging
  8580 | D:7      | Found a staircase to the Ecumenical Temple.
  8587 | Temple   | Entered the Ecumenical Temple
  9316 | D:7      | Lost mutation: Your muscles are strong. (Str +2) [potion of cure mutation]
  9316 | D:7      | Lost mutation: You are resistant to hostile enchantments. (MR+) [potion of cure mutation]
  9316 | D:7      | Lost mutation: You passively map a small area around you. [potion of cure mutation]
  9767 | D:8      | Reached XP level 10. HP: 69/77 MP: 10/10
 10096 | D:8      | Noticed Prince Ribbit
 11477 | D:8      | Found a snail-covered altar of Cheibriados.
 11482 | D:8      | Became a worshipper of Cheibriados the Contemplative
 11482 | D:8      | Reached * piety under Cheibriados
 11482 | D:8      | Reached ** piety under Cheibriados
 11684 | D:8      | Reached skill level 1 in Invocations
 11709 | D:8      | Killed Prince Ribbit
 11709 | D:8      | Reached skill level 2 in Invocations
 11802 | D:9      | Reached skill level 3 in Invocations
 11904 | D:9      | Reached skill level 4 in Invocations
 11998 | D:9      | Paralysed by a hornet for 3 turns
 12366 | D:9      | Reached skill level 5 in Invocations
 12612 | D:9      | Reached skill level 6 in Invocations
 12641 | D:9      | Reached *** piety under Cheibriados
 12697 | D:9      | Found Yvim's Antique Armour Shop.
 12714 | D:9      | Noticed loralnil's ghost (journeyman FoFi)
 12752 | D:9      | Gained mutation: You are resistant to electric shocks. (rElec) [potion of beneficial mutation]
 12770 | D:9      | Killed loralnil's ghost
 12770 | D:9      | Reached skill level 7 in Invocations
 12873 | D:9      | Gained mutation: You have a pair of small horns on your head. [potion of beneficial mutation]
 12874 | D:9      | Gained mutation: Your flesh is very cold resistant. (rC++) [potion of beneficial mutation]
 12947 | D:9      | Noticed a hill giant
 12957 | D:9      | HP: 3/77 [hill giant/giant spiked club (37)]
 12961 | D:9      | Killed a hill giant
 12961 | D:9      | Reached skill level 8 in Invocations
 12961 | D:9      | Reached XP level 11. HP: 4/82 MP: 15/17
 13739 | D:9      | Reached skill level 9 in Invocations
 13781 | D:9      | Noticed a hill giant
 13795 | D:9      | Killed a hill giant
 14184 | D:9      | Reached **** piety under Cheibriados
 14239 | D:9      | Reached skill level 10 in Invocations
 14678 | D:7      | Bought the ring "Cestoj" {rElec rPois SInv Stlth-} for 318 gold pieces
 15092 | D:10     | Entered Level 10 of the Dungeon
 15197 | D:10     | Reached ***** piety under Cheibriados
 15204 | D:10     | Noticed an unseen horror
 15803 | D:10     | Killed an unseen horror
 15803 | D:10     | Reached skill level 11 in Invocations
 16421 | D:11     | Noticed an unseen horror
 16434 | D:11     | Killed an unseen horror
 16480 | D:11     | Noticed a green ugly thing
 16482 | D:11     | Noticed a hill giant
 16486 | D:11     | Killed a green ugly thing
 16486 | D:11     | Reached skill level 12 in Invocations
 16494 | D:11     | Killed a hill giant
 16742 | D:11     | Noticed a green ugly thing
 16751 | D:11     | Killed a green ugly thing
 17189 | D:11     | Found a staircase to the Lair.
 17201 | D:11     | Noticed a hill giant
 17208 | D:11     | Killed a hill giant
 17208 | D:11     | Reached XP level 12. HP: 89/89 MP: 21/21
 17226 | D:11     | Reached skill level 13 in Invocations
 17567 | D:12     | Found a labyrinth entrance.
 17579 | Lab      | Entered a labyrinth
 17884 | Lab      | Noticed a minotaur
 17896 | Lab      | Killed a minotaur
 17901 | Lab      | Identified the Almanac of Talismans and Malediction
 17902 | Lab      | Got a smoking copper ring
 17913 | Lab      | Identified the ring "Wifroiju" {Wiz rC+ Str+3} (You found it in a labyrinth)
 18259 | D:12     | Identified a scroll of acquirement
 18594 | D:12     | Reached skill level 14 in Invocations
 18598 | D:12     | Reached ****** piety under Cheibriados
 18812 | D:12     | Found a staircase to the Orcish Mines.
 19242 | D:12     | Reached skill level 10 in Dodging
 20199 | D:13     | Noticed a centaur warrior
 20331 | D:12     | Learned a level 5 spell: Silence
 20338 | D:12     | Learned a level 4 spell: Cause Fear
 20386 | Orc:1    | Entered Level 1 of the Orcish Mines
 21245 | Orc:2    | Entered Level 2 of the Orcish Mines
 21279 | Orc:2    | Found Orghigya's Distillery.
 21283 | Orc:2    | Noticed cribozai's ghost (journeyman DECj)
 21304 | Orc:2    | Killed cribozai's ghost
 21324 | Orc:2    | Bought a potion of lignification for 30 gold pieces
 21324 | Orc:2    | Bought a potion of lignification for 30 gold pieces
 21324 | Orc:2    | Bought a potion of brilliance for 40 gold pieces
 21747 | Orc:2    | Reached skill level 1 in Air Magic
 21750 | Orc:2    | Reached skill level 1 in Hexes
 22420 | Orc:2    | Noticed an orc high priest
 22534 | Orc:2    | Found a staircase to the Elven Halls.
 22667 | Orc:2    | Noticed an orc warlord
 22670 | Orc:2    | Reached XP level 13. HP: 75/94 MP: 17/23
 22686 | Orc:2    | Killed an orc warlord
 22982 | Orc:2    | Reached skill level 5 in Air Magic
 23657 | Lair:1   | Entered Level 1 of the Lair of Beasts
 24297 | Lair:1   | Noticed Joseph
 24303 | Lair:1   | Killed Joseph
 24861 | Lair:2   | Noticed Nergalle
 24873 | Lair:2   | Killed Nergalle
 25176 | Lair:2   | Noticed Gastronok
 26529 | D:13     | HP: 4/94 [large slime creature (36)]
 26535 | D:13     | Slain by a slime creature

Skill      XL: |  1  2  3  4  5  6  7  8  9 10 11 12 13 |
---------------+----------------------------------------+-----
Unarmed Combat | 4 6 8 9 10 11 | 11.0
Shields        | 6 |  6.3
Dodging        | 8 9 11 12 | 12.4
Invocations    | 8 12 14 | 14.1
Air Magic      | 2 5 |  5.0
Hexes          | 2 4 |  4.6
Fighting       | |  3.2
Stealth        | |  1.7

Action                   |  1- 3 |  4- 6 |  7- 9 | 10-12 | 13-15 || total
-------------------------+-------+-------+-------+-------+-------++-------
Melee: Unarmed           |   137 |   195 |   371 |  1086 |   187 ||  1976
       Tailslap          |    13 |    28 |    44 |   245 |    65 ||   395
       Punch             |     4 |     5 |     4 |       |       ||    13
       Headbutt          |       |       |       |   279 |    99 ||   378
 Cast: Cause Fear        |       |       |       |       |     1 ||     1
Invok: Slouch            |       |       |       |     3 |     6 ||     9
       Temporal Distorti |       |       |       |     1 |     4 ||     5
       Step From Time    |       |       |       |       |     3 ||     3
 Abil: Breathe Frost     |       |       |    36 |    61 |     4 ||   101
Evoke: Wand              |       |     3 |       |    17 |       ||    20
  Use: Potion            |       |     1 |     3 |     8 |     6 ||    18
       Scroll            |       |       |     8 |    11 |     7 ||    26
 Stab: Sleeping          |     4 |     7 |     4 |     5 |       ||    20
       Distracted        |     1 |       |       |     2 |     1 ||     4
  Eat: Chunk             |     3 |     8 |    25 |    44 |     8 ||    88
       Fruit             |       |       |     1 |       |       ||     1
       Bread ration      |       |       |       |     1 |       ||     1
Armor: Skin              |    42 |    39 |    89 |   173 |    30 ||   373
Dodge: Dodged            |    84 |   115 |   247 |   737 |   145 ||  1328
Block: Buckler           |       |       |    59 |   307 |    63 ||   429
       Rpst.: Unarmed    |       |       |       |    79 |    37 ||   116
